 Dungeon Crawl Stone Soup version 0.31.0-11-ge490571c62 (webtiles) character file.

Game seed: 12180994499779877086

109 Rassilon the Sneak (level 4, -3/21 HPs)
             Began as a Spriggan Enchanter on Feb 10, 2024.
             Killed by divine providence
             ... invoked by an orc priest
              (17 damage)
             ... on level 4 of the Dungeon.
             The game lasted 00:04:30 (1728 turns).

Rassilon the Sneak (Spriggan Enchanter)             Turns: 1728, Time: 00:04:31

Health: -3/21      AC:  2    Str:  6    XL:     4   Next: 59%
Magic:  8/10       EV: 17    Int: 16    God:
Gold:   75         SH:  0    Dex: 15    Spells: 8/10 levels left

rFire   . . .        k - +0 dagger (vamp)
rCold   . . .        (no shield)
rNeg    . . .        b - +0 robe
rPois   .            (helmet restricted)
rElec   .            (no cloak)
rCorr   .            (gloves unavailable)
SInv    +            (boots unavailable)
Will    .....        (no amulet)
Stlth   +++          (no ring)
HPRegen 0.23/turn    (no ring)
MPRegen 0.12/turn

%: no passive effects
@: very quick
A: very small, no large weapons, unfitting armour, see invisible, speed 3
a: no special abilities


You were on level 4 of the Dungeon.
You visited 1 branch of the dungeon, and saw 3 of its levels.

You collected 75 gold pieces.

Inventory:

Hand Weapons
 k - a +0 vampiric dagger (weapon)
Missiles
 a - 4 boomerangs (quivered)
Armour
 b - a +0 robe (worn)
Wands
 l - a wand of acid (12)
Scrolls
 e - a scroll of immolation
 f - a scroll of noise {unknown}
 g - a scroll of teleportation {unknown}
 i - a scroll of enchant armour {unknown}
 j - a scroll of identify {unknown}
Potions
 c - 2 potions of invisibility
 d - a potion of ambrosia {unknown}
 h - a potion of attraction {unknown}


   Skills:
 * Level 3.5 Short Blades
 - Level 2.6 Dodging
 + Level 5.6 Stealth
 + Level 3.7 Spellcasting
 - Level 3.6 Hexes


You had 8 spell levels left.
You knew the following spells:

 Your Spells              Type           Power      Damage    Failure   Level
a - Ensorcelled Hibernat  Hex/Ice        16%        N/A       12%         2

Your spell library contained the following spells:

 Spells                   Type           Power      Damage    Failure   Level
 Confusing Touch          Hex            14%        N/A       12%         3
 Tukima's Dance           Hex            14%        N/A       12%         3
 Dazzling Flash           Conj/Hex       16%        N/A       24%         3


Dungeon Overview and Level Annotations

Branches:
Dungeon (4/15)
 Temple: D:4-7

Altars:


Innate Abilities, Weirdness & Mutations

You are very small and have problems with some larger weapons.
You are too small for most types of armour.
You have supernaturally acute eyesight. (SInv)
You cover ground extremely quickly. (Speed+++)


Message History

You throw a boomerang. The boomerang hits the dart slug.
The dart slug is heavily wounded.
Throw: 4 boomerangs
Press: ? - help, Q - select action, (/) - cycle Shift-Dir - straight line, f/p - dart slug
Aim: a dart slug (heavily wounded, 93% to hit)
You throw a boomerang. The boomerang hits the dart slug.
The dart slug is almost dead.
Throw: 4 boomerangs
Press: ? - help, Q - select action, (/) - cycle Shift-Dir - straight line, f/p - dart slug
Aim: a dart slug (almost dead, 93% to hit)
You throw a boomerang. The boomerang hits the dart slug.
You kill the dart slug!
HP restored.
Magic restored.
An orc priest comes into view. It is wielding a +0 club.
An orc wizard comes into view. It is wielding a +0 dagger.
Casting: Ensorcelled Hibernation (safe; 12% risk of failure)
Confirm with . or Enter, or press ? or * to list all spells.
Aiming: Ensorcelled Hibernation (safe; 12% risk of failure)
Press: ? - help, Shift-Dir - straight line, f - orc priest
Aim: an orc priest, wielding a +0 club (chance to affect: 41%)
The orc priest looks drowsy...
The orc wizard shouts!
You hear a shout!
A goblin comes into view.
It is wielding a +0 club. 2 orcs come into view.
The orc shouts!
The goblin shouts!
The orc priest shouts!
You hit the orc priest.
The orc priest is lightly wounded.
The orc priest invokes the aid of Beogh against you.
Beogh smites you!
You hit the orc priest.
You feel better.
The orc priest is moderately wounded.
You hit the orc wizard but do no damage.
You hit the orc wizard.
You feel better.
The orc wizard is lightly wounded.
The orc wizard hits you with a +0 dagger.
The orc priest invokes the aid of Beogh against you.
Beogh smites you!
Ouch! That really hurt!
You die...

#.# #.# #.# #.# #.#
#.# #.#
################.##.#
#.........@oogoo.##.#
###.###############.#
#.# ###..........#
#.# #...##########
#.####.### #......#
########


You could see an orc priest, an orc wizard, 2 orcs and a goblin.

Vanquished Creatures
  A scorpion (D:4)
  2 adders (D:4)
  A dart slug (D:4)
  A bat (D:1)
  2 endoplasms (D:1)
  2 goblins
  A hobgoblin (D:1)
  8 jackals (D:1)
  3 ball pythons
  4 frilled lizards (D:1)
  4 kobolds
  3 rats (D:1)
32 creatures vanquished.

Notes
Turn   | Place    | Note
-------+----------+-------------------------------------------
     0 | D:1      | Rassilon the Spriggan Enchanter began the quest for the
                  | Orb.
     0 | D:1      | Reached XP level 1. HP: 9/9 MP: 5/5
   196 | D:1      | Found a faded altar of an unknown god.
   257 | D:1      | Reached XP level 2. HP: 12/13 MP: 6/6
   269 | D:1      | Learned a level 2 spell: Ensorcelled Hibernation
  1200 | D:2      | Reached skill level 5 in Stealth
  1354 | D:2      | You fall into a shaft and drop 2 floors!
  1416 | D:4      | Reached XP level 3. HP: 16/16 MP: 5/8
  1563 | D:4      | Noticed a scorpion
  1596 | D:4      | Killed a scorpion
  1597 | D:4      | Reached XP level 4. HP: 7/21 MP: 1/10
  1728 | D:4      | Killed from afar by an orc priest

Illustrated notes

Levels and vault maps discovered:
D:1:      lightli_arrival_noodles, layout_loops_corners,
          hellmonk_ecumenical_altar_blasted
D:2:      layout_basic, uniq_terence, uniq_sigmund
D:4:      layout_basic

Skill      XL: |  1  2  3 |
---------------+----------+-----
Short Blades   | 2 3 |  3.5
Spellcasting   | 3 |  3.7
Stealth        | 5 |  5.6
Dodging        | |  2.6
Hexes          | |  3.6

Action                     |  1- 3 |  4- 6 || total
---------------------------+-------+-------++-------
  Melee: Dagger            |   109 |     4 ||   113
         Punch             |     1 |       ||     1
  Throw: Boomerang         |       |     4 ||     4
   Cast: Ensorcelled Hiber |    12 |     1 ||    13
   Stab: Sleeping          |    15 |       ||    15
 Armour: Robe              |    18 |     1 ||    19
  Dodge: Dodged            |    76 |       ||    76
